 Dungeon Crawl Stone Soup version 0.27.1-2-g3b301248ec (webtiles) character file.

Game seed: 1803092724780942439

118 vvl the Skirmisher (level 4, 0/35 HPs)
             Began as a Demonspawn Fighter on Sept 29, 2021.
             Splashed by a jelly's acid (5 damage)
             ... on level 3 of the Dungeon.
             The game lasted 00:06:02 (3330 turns).

vvl the Skirmisher (Demonspawn Fighter)             Turns: 3330, Time: 00:06:03

Health: 0/35       AC:  3    Str: 17    XL:     4   Next: 72%
Magic:  5/5        EV: 13    Int:  9    God:
Gold:   124        SH:  5    Dex: 15    Spells: 4/4 levels left

rFire    . . .     SeeInvis .     - Unarmed
rCold    . . .     Faith    .   (no shield)
rNeg     . . .     Spirit   .   a - +0 scale mail
rPois    .         Reflect  +   (helmet restricted)
rElec    .         Harm     .   k - +0 cloak
rCorr    .         Rampage  .   (no gloves)
Will     .....                  (no boots)
Stlth    +.........             n - amulet of reflection
HPRegen  0.11/turn              o - +4 ring of evasion
MPRegen  0.09/turn              (no ring)

@: corroded
A: horns 1, thin skeletal structure 1, demonic guardian 1
a: no special abilities


You were on level 3 of the Dungeon.
You visited 1 branch of the dungeon, and saw 3 of its levels.

You collected 304 gold pieces.
You spent 180 gold pieces at shops.

Inventory:

Armour
 a - a +0 scale mail (worn)
 k - a +0 cloak (worn)
Jewellery
 n - an amulet of reflection (around neck)
 o - a +4 ring of evasion (left hand)
Scrolls
 b - 2 scrolls of enchant armour {unknown}
 e - 2 scrolls of teleportation
 f - 2 scrolls of immolation
 i - a scroll of fog {unknown}
 j - a scroll of enchant weapon {unknown}
Potions
 c - a potion of might
 d - 2 potions of attraction
 g - 2 potions of heal wounds
 h - a potion of ambrosia
 l - a potion of lignification {unknown}
 m - a potion of resistance {unknown}


   Skills:
 + Level 3.2 Fighting
 - Level 3.0 Armour
 + Level 1.1 Dodging
 + Level 2.9 Shields
 * Level 2.5 Unarmed Combat
 + Level 0.9 Spellcasting
 * Level 1.8 Necromancy
 * Level 1.3 Transmutations


You had 4 spell levels left.
You didn't know any spells.
Your spell library was empty.

Dungeon Overview and Level Annotations

Branches:
Dungeon (3/15)

Altars:
Wu Jian

Shops:
D:1 [?[!


Innate Abilities, Weirdness & Mutations

You have a pair of small horns on your head.
You have a somewhat thin skeletal structure. (Dex +2, Stealth+)
A weak demonic guardian rushes to your aid.


Message History

The jackal closely misses you.
You hit the jackal.
The jackal is lightly wounded.
The jackal closely misses you.
You barely miss the jackal.
The jackal is lightly wounded.
The jackal bites you but does no damage.
You closely miss the jackal.
You headbutt the jackal, but do no damage.
The jackal closely misses you. The jackal completely misses you.
You block the jackal's attack.
You hit the jackal but do no damage.
You headbutt the jackal, but do no damage.
You block the jackal's attack. The jackal misses you.
You hit the jackal.
The jackal is heavily wounded.
The jackal bites you but does no damage. x3
You closely miss the jackal.
The jackal is heavily wounded.
You block the jackal's attack. The jackal completely misses you.
The jackal bites you but does no damage.
You closely miss the jackal. You headbutt the jackal.
You kill the jackal!
The jackal barely misses you.
You hit the jelly. The acid corrodes you!
Your hands burn!
You headbutt the jelly, but do no damage.
The jelly is heavily wounded.
The jackal bites you but does no damage.
The jelly misses you. The jackal barely misses you.
You hit the jelly.
Your hands burn!
The jelly is severely wounded.
The jelly barely misses you. The jackal closely misses you.
You hit the jelly.
Your hands burn!
* * * LOW HITPOINT WARNING * * *
A demonic guardian appears!
The jelly is almost dead.
The jelly barely misses you. The jackal bites you.
* * * LOW HITPOINT WARNING * * *
You hit the jelly but do no damage.
Your hands burn!
You die...

...........##. ..#
...........##. ...#
...##########.# .$. .#.#
#.# ..# .#.# #.# #.##
##.####### #.# ##†..##
##.......# #.#####.....##
....####.# #...h#.......#
.....# #.# #..#@J..._.....
.....###.####..###5......#.
.........>.....# ##.....##
..............######...##
##+#########.......##.##
#.####### ..# #.# #.# ..# #
######## +###


You could see a jelly (ally target), a jackal and a friendly quasit (summoned).

Vanquished Creatures
  5 adders
  3 dart slugs
  An orc (D:3)
  6 endoplasms
  4 giant cockroaches
  5 goblins
  5 hobgoblins
  7 jackals
  A quokka (D:1)
  7 ball pythons
  6 bats
  3 frilled lizards
  7 kobolds
  4 rats
64 creatures vanquished.

Vanquished Creatures (collateral kills)
  A worm (D:2)
  A hobgoblin (D:2)
2 creatures vanquished.

Grand Total: 66 creatures vanquished

Notes
Turn   | Place    | Note
-------+----------+-------------------------------------------
     0 | D:1      | vvl the Demonspawn Fighter began the quest for the Orb.
     0 | D:1      | Reached XP level 1. HP: 18/18 MP: 1/1
    59 | D:1      | Found Erchid's Antique Armour Boutique.
   279 | D:1      | Gained mutation: A weak demonic guardian rushes to your
                  | aid. [demonic ancestry]
   279 | D:1      | Reached XP level 2. HP: 4/24 MP: 2/2
   779 | D:1      | Found Tuthoask's Antique Armour Shop.
   877 | D:1      | Found Jotsulei's Magic Scroll Emporium.
   905 | D:1      | Bought a scroll of identify for 26 gold pieces
   905 | D:1      | Bought a scroll of immolation for 45 gold pieces
   997 | D:1      | Found Wuabludoph's Distillery.
  1017 | D:1      | Bought a potion of heal wounds for 70 gold pieces
  1027 | D:1      | Reached skill level 1 in Necromancy
  1115 | D:1      | Gained mutation: You have a somewhat thin skeletal
                  | structure. (Dex +2, Stealth+) [demonic ancestry]
  1115 | D:1      | Reached XP level 3. HP: 23/29 MP: 3/3
  1556 | D:1      | Bought a scroll of teleportation for 39 gold pieces
  1594 | D:2      | Found a faded altar of an unknown god.
  1631 | D:2      | Reached skill level 1 in Transmutations
  2549 | D:3      | Gained mutation: You have a pair of small horns on your
                  | head. [demonic ancestry]
  2549 | D:3      | Reached XP level 4. HP: 33/35 MP: 3/5
  2558 | D:3      | Reached skill level 1 in Dodging
  3286 | D:3      | Found an ornate altar of the Wu Jian Council.
  3330 | D:3      | Splashed by a jelly's acid

Illustrated notes

Levels and vault maps discovered:
D:1:      dpeg_arrival_rooms_a, layout_basic, serial_shops, shop_coins, shop,
          nicolae_shop_competitors_out_of_business, shop_coins
D:2:      layout_rooms, hellmonk_ecumenical_altar_lost_god, patterned_corridor
D:3:      layout_basic, mainiacjoe_overflow_divided_tiny, lemuel_round_altar,
          grunt_ministairs_3, hangedman_decor_push

Skill      XL: |  1  2  3  4 |
---------------+-------------+-----
Unarmed Combat | 2 |  2.5
Necromancy     | 1 |  1.8
Transmutations | 1 |  1.3
Dodging        | 1 |  1.1
Armour         | 3 |  3.0
Fighting       | |  3.2
Shields        | |  2.9
Spellcasting   | |  0.9

Action                   |  1- 3 |  4- 6 || total
-------------------------+-------+-------++-------
Melee: Unarmed           |   187 |    79 ||   266
       Headbutt          |       |    17 ||    17
       Punch             |       |     1 ||     1
  Use: Scroll            |     1 |     1 ||     2
 Stab: Distracted        |       |     1 ||     1
       Sleeping          |       |     1 ||     1
Armor: Scale mail        |   103 |    38 ||   141
Dodge: Dodged            |    57 |    65 ||   122
Block: Kite shield       |   122 |    18 ||   140
       Other             |       |    28 ||    28
